Map: Disco Bloodbath LE

Players

pHARM

  • Race: Zerg Zerg
  • League: Platinum
  • Spawn Location: 3:00

chef - Winner!

  • Race: Protoss Protoss
  • Spawn Location: 9:00

VOD

Have the link to the VOD?

Description

Time

  • Played on: Oct. 6, 2019, 1:02 a.m.
  • Length: 10:41
Show
View Real Time Build Order
Export as new Build Order

pHARM Zerg 

Build Orders: Hatch First 

Get SALT Encoding   

  12  0:01  Drone  
  13  0:14  Overlord  
  13  0:22  Drone  
  14  0:37  Drone x3  
  17  0:56  Hatchery  
  16  1:02  Drone x2  
  18  1:13  Drone  
  19  1:21  Spawning Pool, Drone  
  19  1:37  Drone  
  20  1:51  Drone  
  21  1:59  Hatchery  
  20  2:05  Drone x2  
  22  2:10  Queen x2  
  26  2:16  Overlord  
  26  2:25  Drone x2  
  28  2:37  Zergling x2  
  28  2:43  Drone x3  
  32  3:04  Drone x4  
  36  3:10  Queen  
  36  3:11  Queen  
  36  3:12  Overlord x2  
  40  3:27  Drone x2  
  42  3:30  Drone x2  
  44  3:36  Extractor  
  44  3:38  Extractor  
  44  3:39  Extractor  
  40  3:44  Drone x9  
  49  3:56  Drone x3  
  52  4:03  Queen x3  
  58  4:21  Overlord x4  
  58  4:31  Baneling Nest, Metabolic Boost  
  58  4:34  Drone  
  58  4:50  Zergling x2  
  58  4:51  Zergling x30  
  74  4:54  Lair  
  74  4:58  Drone  
  75  5:23  Zergling x24  
  87  5:40  Zergling x6  
  71  6:05  Drone x11  
  81  6:27  Hydralisk Den  
  81  6:32  Extractor  
  79  6:46  Extractor  
  78  6:48  Extractor  
  77  6:59  Drone x2  
  79  7:17  Hatchery  
  79  7:18  Drone x5  
  79  7:19  Drone x2  
  85  7:23  Drone  
  85  7:26  Grooved Spines  
  86  7:33  Evolution Chamber x2  
  84  8:04  Hydralisk  
  84  8:05  Hydralisk x2  
  86  8:07  Overlord x10  
  90  8:14  Centrifical Hooks  
  90  8:25  Infestation Pit  
  90  8:26  Zerg Ground Armor Level 1  
  90  8:27  Zerg Melee Weapons Level 1  
  87  8:37  Muscular Augments  
  87  8:40  Hydralisk  
  87  8:41  Hydralisk x11  
  86  8:44  Baneling x3  
  86  8:45  Baneling x12  
  108  8:50  Hydralisk  
  108  8:52  Zergling x6  
  108  8:53  Zergling x6  
  107  9:01  Hydralisk x3  
  88  9:12  Hydralisk x4  
  90  9:24  Hydralisk x7  
  87  9:31  Hydralisk x5  
  87  9:46  Hydralisk  
  87  9:47  Hatchery, Hydralisk x4  
  96  9:56  Zergling x4  
  90  10:02  Hydralisk  
Show
View Real Time Build Order
Export as new Build Order

chef Protoss - Winner!

Build Orders: 1 Gate Expand, Archon Immortal 

Get SALT Encoding   

  12  0:02  Probe  
  14  0:14  Probe  
  14  0:21  Pylon  
  14  0:26  Probe  
  15  0:39  Probe  
  15  0:40  Gateway  
  16  0:46  Assimilator  
  16  0:51  Probe  
  17  1:03  Probe  
  18  1:16  Probe  
  19  1:26  Nexus  
  19  1:40  Probe  
  19  1:42  Cybernetics Core  
  20  1:49  Assimilator  
  20  1:53  Pylon  
  20  1:55  Probe  
  20  2:01  Zealot (Chrono Boost)  
  23  2:11  Probe  
  24  2:23  Probe  
  24  2:24  Warp Gate (Chrono Boost)  
  25  2:34  Gateway  
  25  2:36  Zealot (Chrono Boost), Probe  
  26  2:40  Probe  
  29  2:52  Robotics Facility  
  29  2:56  Probe  
  29  2:58  Probe  
  31  3:03  Pylon  
  31  3:12  Gateway  
  31  3:15  Probe  
  31  3:18  Probe  
  33  3:27  Probe  
  33  3:30  Probe  
  35  3:39  Probe  
  35  3:42  Immortal (Chrono Boost), Probe  
  40  3:53  Probe  
  40  3:55  Assimilator  
  41  3:59  Gateway  
  41  4:00  Stalker  
  41  4:01  Sentry  
  45  4:06  Stalker  
  47  4:10  Pylon  
  47  4:13  Probe  
  48  4:19  Immortal (Chrono Boost)  
  52  4:26  Probe  
  54  4:31  Probe  
  54  4:34  Stalker  
  54  4:36  Stalker  
  54  4:37  Sentry  
  60  4:43  Pylon  
  60  4:49  Warp Prism (Chrono Boost)  
  62  5:01  Probe  
  62  5:02  Pylon  
  62  5:06  Sentry  
  65  5:07  Stalker  
  65  5:10  Probe  
  68  5:25  Zealot  
  68  5:27  Stalker  
  72  5:31  Probe  
  73  5:40  Twilight Council  
  73  5:44  Stalker x2  
  77  5:55  Zealot x2  
  57  6:08  Zealot  
  57  6:09  Zealot  
  57  6:11  Probe x2  
  49  6:13  Assimilator  
  49  6:17  Charge (Chrono Boost)  
  49  6:20  Shield Battery  
  49  6:21  Shield Battery  
  49  6:22  Sentry  
  49  6:23  Immortal (Chrono Boost), Probe x2, Sentry  
  55  6:30  Zealot x2  
  63  6:42  Phoenix  
  63  6:49  Zealot x2  
  63  6:51  Zealot x2  
  71  6:55  Immortal (Chrono Boost)  
  71  6:56  Pylon  
  75  7:02  Pylon  
  75  7:12  Zealot  
  77  7:16  Pylon, Zealot  
  77  7:17  Zealot x2  
  77  7:22  Templar Archives  
  83  7:32  Immortal (Chrono Boost)  
  83  7:33  Probe x2  
  89  7:45  Gateway  
  89  7:54  Pylon  
  89  7:59  High Templar x4  
  89  8:03  Archon x2  
  97  8:17  Gateway  
  97  8:27  Zealot x2  
  97  8:43  Zealot x2  
  97  8:44  Zealot  
  83  9:05  Stalker  
  83  9:06  Stalker x4  
  91  9:19  Warp Prism (Chrono Boost)  
  89  9:25  Stalker  
  91  9:31  Stalker  
  91  9:32  Stalker x4  
  99  10:00  Zealot x5  
  103  10:20  Zealot x5  
  101  10:22  Zealot  
Tags
 
Add a new tag
Caveats
  • Supply blocks, unpowered buildings, or Contaminate may cause inaccurate times.
  • Supply counts are checked every 10 seconds.